cohdb
Replays
Latest Replays
All Replays
Popular Replays
Top Player Replays
Match Explorer
How It Works
Community
CoH3 Stats
Reddit
Sign in to upload your games and track your stats! →
Sign in with Steam
"pro" player gets upset
Match 20657240
Overview
Messages
Build Orders
End
Royal Engineer Section
Construct Section Command Post
Selects Heavy Armor Battlegroup
Dingo Light Scout Car
Infantry Section
Infantry Section
Construct Platoon Command Post
Humber Armored Car
Selects Engineer Detachments
Construct Field Infirmary
Selects Light Vehicle Withdraw and Refit
Light Vehicle Withdraw and Refit
Infantry Section
Humber Armored Car
6-pounder Anti-tank Gun Team
nub
prabuty
0
0
Comments
sign in to comment!
No comments posted yet!